 Dungeon Crawl Stone Soup version 0.22.0-49-gab54619 (webtiles) character file.

16315 Merlin the Carver (level 12, -15/94 HPs)
             Began as a Gnoll Wanderer on Sept 5, 2018.
             Was an Initiate of Gozag.
             Demolished by a dire elephant (29 damage)
             ... on level 2 of the Lair of Beasts on Sept 6, 2018.
             The game lasted 01:08:20 (7603 turns).

Merlin the Carver (Gnoll Wanderer)                  Turns: 7603, Time: 01:08:21

Health: -15/94     AC: 20    Str: 15    XL:     12   Next: 36%
Magic:  22/22      EV:  8    Int: 13    God:    Gozag
Gold:   2016       SH:  0    Dex: 21    Spells: 19/25 levels left

rFire    . . .     SeeInvis .   J - +5 battleaxe (vamp)
rCold    + + .     Gourm    .   (shield currently unavailable)
rNeg     . . .     Faith    .   Q - +5 plate armour of the Skies Above {*Contam rElec rC++ MR+}
rPois    +         Spirit   .   (no helmet)
rElec    +         Reflect  .   (no cloak)
rCorr    .         Harm     .   (no gloves)
MR       +....                  b - +1 pair of boots
Stlth    ..........             u - amulet of regeneration
HPRegen  0.65/turn              T - ring of poison resistance
MPRegen  0.18/turn              (no ring)

@: very slightly contaminated, invisible
A: distributed training, fangs 1, strong nose
a: Potion Petition, Call Merchant, Bribe Branch, Renounce Religion


You were on level 2 of the Lair of Beasts.
You worshipped Gozag.
Gozag was most pleased with you.
You were not hungry.

You visited 3 branches of the dungeon, and saw 11 of its levels.
You also visited: Ossuary.

You collected 2096 gold pieces.
You paid 80 gold pieces to Gozag.

Inventory:

Hand Weapons
 a - a +2 falchion
 l - a +0 dagger of draining
 G - a +0 blowgun
 I - a +0 falchion of holy wrath
 J - a +5 vampiric battleaxe (weapon)
 L - a +0 short sword of freezing
 R - a +3 shortbow
 U - a +0 arbalest
Missiles
 h - 6 curare-tipped needles
 j - 51 poisoned needles
 o - 131 arrows
 w - 4 silver javelins (quivered)
 W - 3 silver tomahawks
Armour
 b - a +1 pair of boots (worn)
 d - a +2 leather armour of cold resistance
 s - a +0 buckler
 Q - the +5 plate armour of the Skies Above (worn) {*Contam rElec rC++ MR+}
   (You found it on level 6 of the Dungeon)

   It greatly protects you from cold.
   It insulates you from electricity.
   It affects your resistance to hostile enchantments.
   It causes magical contamination when unequipped.
Magical Staves
 A - an uncursed staff of power {unknown}
 H - an uncursed staff of wizardry
Jewellery
 u - an amulet of regeneration (around neck)
 K - an uncursed ring of fire
 N - an uncursed ring of fire
 T - a ring of poison resistance (left hand)
Wands
 i - a wand of polymorph (14)
 y - a wand of iceblast (11)
 F - a wand of clouds (4)
 P - a wand of digging (5)
 Z - a wand of paralysis (8)
Scrolls
 k - 4 scrolls of teleportation
 m - 2 scrolls of amnesia {unknown}
 n - 3 scrolls of magic mapping
 p - a scroll of fear {unknown}
 t - 7 scrolls of remove curse
 C - a scroll of fog
 O - a scroll of enchant weapon {unknown}
 S - 2 scrolls of enchant armour
 X - a scroll of vulnerability {unknown}
Potions
 c - 4 potions of lignification
 e - 2 potions of resistance {unknown}
 g - a potion of flight
 v - a potion of berserk rage
 z - 2 potions of haste
 B - 2 potions of agility
 D - 2 potions of magic
 E - 3 potions of curing
 M - a potion of might
 V - a potion of brilliance
 Y - a potion of mutation {unknown}
Miscellaneous
 q - a fan of gales (inert)
Comestibles
 f - 12 rations


   Skills:
 + Level 8.5 Fighting
 + Level 7.1 Short Blades
 + Level 9.7 Long Blades
 + Level 7.1 Axes
 + Level 7.1 Maces & Flails
 + Level 7.6 Polearms
 + Level 7.1 Staves
 + Level 7.1 Slings
 + Level 7.1 Bows
 + Level 7.1 Crossbows
 + Level 7.6 Throwing
 + Level 7.1 Armour
 + Level 7.1 Dodging
 + Level 8.3 Stealth
 + Level 7.1 Shields
 + Level 7.1 Unarmed Combat
 + Level 7.1 Spellcasting
 + Level 5.9 Conjurations
 + Level 5.9 Hexes
 + Level 5.9 Charms
 + Level 5.9 Summonings
 + Level 5.9 Necromancy
 + Level 5.9 Translocations
 + Level 5.9 Transmutations
 + Level 5.9 Fire Magic
 + Level 5.9 Ice Magic
 + Level 5.9 Air Magic
 + Level 5.9 Earth Magic
 + Level 5.9 Poison Magic
 + Level 7.8 Invocations
 + Level 7.6 Evocations


You had 19 spell levels left.
You knew the following spells:

 Your Spells              Type           Power        Failure   Level  Hunger
a - Confuse               Hex            ###.....     90%         3    ##.....
b - Gell's Gravitas       Tloc           ###.......   90%         3    ##.....

Your spell library contained the following spells:

 Spells                   Type           Power        Failure   Level  Hunger
 Animate Skeleton         Necr           N/A          56%         1    None
 Apportation              Tloc           ###...       56%         1    None
 Confusing Touch          Hex            ###...       56%         1    None
 Summon Small Mammal      Summ           ###.         56%         1    None
 Ignite Poison            Fire/Tmut/Pois ###.....     90%         3    ##.....
 Petrify                  Tmut/Erth      ###.....     100%        4    ####...
 Fireball                 Conj/Fire      ###.......   100%        5    ######.
 Metabolic Englaciation   Hex/Ice        ###.......   100%        5    ######.
 Yara's Violent Unravell  Hex/Tmut       ###.......   100%        5    ######.
 Bolt of Fire             Conj/Fire      ###.......   100%        6    #######
 Ring of Flames           Chrm/Fire      ###.......   100%        7    #######
 Ignition                 Fire           ###.......   100%        8    #######


Dungeon Overview and Level Annotations

Branches:
Dungeon (8/15)             Temple (1/1) D:5            Lair (2/6) D:8
  Swamp: Lair:2-4    Shoals: Lair:2-4     Snake: Lair:2-4    Spider: Lair:2-4

Altars:
Ashenzari
Cheibriados
Dithmenos
Elyvilon
Fedhas
Gozag
Hepliaklqana
Kikubaaqudgha
Makhleb
Nemelex Xobeh
Okawaru
Qazlal
Sif Muna
Trog
Uskayaw
Wu Jian
Xom
Yredelemnul
Zin
The Shining One

Shops:
D:8 :

Annotations:
Lair:1 3 runed doors, Lew's ghost, journeyman GnFi; Merlin's ghost, journeyman GnWn
Lair:2 1 runed door


Innate Abilities, Weirdness & Mutations

Your experience applies equally to all skills.
You have very sharp teeth.
Your uncanny sense of smell can sniff out nearby items.


Message History

* * * LOW HITPOINT WARNING * * *
You stumble backwards!
A fierce wind blows from the fan.
The dire elephant tramples you!
* * * LOW HITPOINT WARNING * * *
You stumble backwards!
You fade into invisibility!
The dire elephant barely misses you. The dire elephant trunk-slaps you.
* * * LOW HITPOINT WARNING * * *
You are very lightly contaminated with residual magic.
You hit the dire elephant but do no damage.
You bite the dire elephant, but do no damage.
The dire elephant is severely wounded.
The dire elephant barely misses you.
The dire elephant trunk-slaps you but does no damage.
You hit the dire elephant but do no damage.
You bite the dire elephant, but do no damage.
The dire elephant is severely wounded.
The dire elephant tramples you!!
You die...
Your body crumbles into a pile of gold.

♣♣♣♣♣♣♣..♣♣♣♣♣♣♣#######
♣♣♣ ♣♣♣♣ ♣♣≈≈≈+≈≈≈≈≈#
♣♣♣.♣♣♣ ♣≈≈≈≈.≈≈≈≈≈#
♣.....♣ ♣P≈≈♣.#≈≈≈≈#
♣....P♣♣♣ ♣♣P≈≈♣.#§≈#♣#
........♣ ♣≈≈≈≈♣.#≈§##
........♣♣♣P≈≈≈♣.#≈≈≈##
.........♣♣♣≈≈≈#Y##≈≈≈#
.≈≈≈≈....♣ ♣≈≈♣#@##8≈Y#
≈≈≈≈≈≈≈≈.≈♣♣≈≈≈..##8≈≈#
≈≈≈≈≈≈≈≈P≈♣P≈≈≈♣.##≈≈≈#
≈≈≈≈≈≈≈≈≈≈♣≈≈≈♣#.#≈≈≈##
≈≈≈≈≈≈≈≈≈≈♣♣≈≈♣#.#≈§###
≈≈≈≈≈≈≈≈≈≈♣♣≈≈≈♣.#Y##.#
≈≈≈≈≈≈.≈≈≈≈≈≈≈≈♣.#≈§≈≈#
..≈≈≈..≈≈≈≈≈≈≈≈♣.##≈≈≈#
........≈≈≈≈≈≈≈♣.####Y#


You could see a dire elephant.

Vanquished Creatures
  2 catoblepae (Lair:2)
  A death yak (Lair:2)
  Pikel (D:5)
  The ghost of aaksess the Fighter, a novice OgAK of Lugonu (D:5)
  An elephant (Lair:2)
  A black mamba (Lair:2)
  A torpor snail (Lair:2)
  4 spiny frogs
  11 rime drakes (Lair:2)
  2 komodo dragons (Lair:1)
  A troll (D:8)
  4 hippogriffs
  9 yaks (Lair:2)
  7 steam dragons (Lair:2)
  A human (D:8)
  3 water moccasins
  4 porcupines
  2 orc warriors (D:8)
  3 sky beasts
  2 necrophages
  13 wolves
  4 ogres
  A phantom (D:6)
  2 centaurs
  A crocodile (Lair:2)
  Blork the orc (D:4)
  5 bullfrogs
  A scorpion (D:8)
  4 killer bees (D:8)
  4 wights (D:8)
  An electric eel (Lair:2)
  3 howler monkeys
  5 crimson imps
  2 centaur zombies
  A human zombie (Ossuary)
  2 jellies
  Crazy Yiuf (D:4)
  2 centaur skeletons
  2 hounds
  2 orc priests (D:8)
  2 orc wizards
  3 iguanas
  Natasha (thrice) (D:2)
  3 worker ants
  A big kobold zombie (Ossuary)
  2 hound zombies
  3 mummies (Ossuary)
  4 gnolls (D:6)
  7 adders
  7 river rats (D:5)
  3 oozes
  An adder skeleton (D:8)
  3 worms
  3 dart slugs
  3 leopard geckos
  19 orcs
  7 giant cockroaches
  2 gnoll zombies (Ossuary)
  5 goblins
  8 hobgoblins
  28 jackals
  6 kobolds
  3 quokkas
  A ball python (D:4)
  7 bats
  3 frilled lizards
  A hobgoblin zombie (Ossuary)
  2 kobold zombies (Ossuary)
  19 rats
  3 fungi
280 creatures vanquished.

Vanquished Creatures (others)
  A slave (D:5)
  4 fungi
  12 toadstools (Lair:2)
  4 withered plants (Lair:1)
21 creatures vanquished.

Grand Total: 301 creatures vanquished

Notes
Turn   | Place    | Note
-------+----------+-------------------------------------------
     0 | D:1      | Merlin the Gnoll Wanderer began the quest for the Orb.
     0 | D:1      | Merlin set off with: a +2 falchion, a +0 short sword, a
                  | potion of lignification, a +0 robe, a +0 dagger, a ration
     0 | D:1      | Reached XP level 1. HP: 20/20 MP: 2/2
   104 | D:1      | Reached XP level 2. HP: 19/26 MP: 3/3
   221 | D:1      | Reached XP level 3. HP: 21/31 MP: 4/4
   521 | D:1      | Reached skill level 1 in Invocations
   736 | D:2      | Noticed Natasha
   751 | D:2      | Killed Natasha
   751 | D:2      | Reached skill level 1 in Short Blades
   751 | D:2      | Reached skill level 1 in Axes
   751 | D:2      | Reached skill level 1 in Maces & Flails
   751 | D:2      | Reached skill level 1 in Staves
   751 | D:2      | Reached skill level 1 in Slings
   751 | D:2      | Reached skill level 1 in Bows
   751 | D:2      | Reached skill level 1 in Crossbows
   751 | D:2      | Reached skill level 1 in Armour
   751 | D:2      | Reached skill level 1 in Dodging
   751 | D:2      | Reached skill level 1 in Shields
   751 | D:2      | Reached skill level 1 in Unarmed Combat
   751 | D:2      | Reached skill level 1 in Spellcasting
   751 | D:2      | Reached XP level 4. HP: 19/38 MP: 4/6
   834 | D:2      | Noticed Natasha
   853 | D:2      | Killed Natasha
   853 | D:2      | Reached skill level 1 in Conjurations
   853 | D:2      | Reached skill level 1 in Hexes
   853 | D:2      | Reached skill level 1 in Charms
   853 | D:2      | Reached skill level 1 in Summonings
   853 | D:2      | Reached skill level 1 in Necromancy
   853 | D:2      | Reached skill level 1 in Translocations
   853 | D:2      | Reached skill level 1 in Transmutations
   853 | D:2      | Reached skill level 1 in Fire Magic
   853 | D:2      | Reached skill level 1 in Ice Magic
   853 | D:2      | Reached skill level 1 in Air Magic
   853 | D:2      | Reached skill level 1 in Earth Magic
   853 | D:2      | Reached skill level 1 in Poison Magic
   987 | D:2      | Reached XP level 5. HP: 24/43 MP: 7/7
  1030 | D:2      | Noticed Natasha
  1055 | D:2      | Killed Natasha
  1564 | D:3      | Noticed a sky beast
  1595 | D:3      | Killed a sky beast
  1595 | D:3      | Reached XP level 6. HP: 10/50 MP: 8/8
  1934 | D:3      | Found a burning altar of Makhleb.
  1990 | D:3      | Reached skill level 5 in Fighting
  2516 | D:4      | Noticed Blork the orc
  2535 | D:4      | Reached XP level 7. HP: 19/56 MP: 10/10
  2537 | D:4      | Killed Blork the orc
  2537 | D:4      | Reached skill level 7 in Long Blades
  2725 | D:4      | Found a runed door.
  2729 | D:4      | Noticed Crazy Yiuf
  2736 | D:4      | Killed Crazy Yiuf
  2805 | D:5      | Entered Level 5 of the Dungeon
  2835 | D:5      | Learned a level 3 spell: Confuse
  2839 | D:5      | Learned a level 3 spell: Gell's Gravitas
  2923 | D:5      | Reached skill level 5 in Stealth
  3021 | D:5      | Noticed Pikel
  3022 | D:5      | Found a runed door.
  3030 | D:5      | Killed Pikel
  3030 | D:5      | Reached XP level 8. HP: 23/64 MP: 12/12
  3100 | D:5      | Noticed aaksess's ghost (novice OgAK)
  3124 | D:5      | Killed aaksess's ghost
  3258 | D:5      | Found a staircase to the Ecumenical Temple.
  3263 | Temple   | Entered the Ecumenical Temple
  3288 | Temple   | Became a worshipper of Gozag Ym Sagoz the Greedy
  3562 | D:5      | Reached XP level 9. HP: 61/69 MP: 14/14
  3730 | D:6      | Got a pitted plate armour
  3742 | D:6      | Identified the +5 plate armour of the Skies Above {*Contam
                  | rElec rC++ MR+} (You found it on level 6 of the Dungeon)
  4208 | D:7      | Reached skill level 5 in Polearms
  4208 | D:7      | Reached skill level 5 in Throwing
  4208 | D:7      | Reached skill level 5 in Evocations
  4294 | D:7      | Found a hazy altar of Hepliaklqana.
  4298 | D:7      | Found a deep blue altar of Sif Muna.
  4302 | D:7      | Found a basalt altar of Yredelemnul.
  4877 | D:8      | Noticed a troll
  4891 | D:8      | Killed a troll
  4891 | D:8      | Reached skill level 8 in Long Blades
  4892 | D:8      | Reached skill level 5 in Invocations
  4897 | D:8      | Found Magecu's Book Shoppe.
  5000 | D:8      | Reached XP level 10. HP: 71/75 MP: 17/17
  5095 | D:8      | Found a staircase to the Lair.
  5124 | D:8      | Found a stormy altar of Qazlal.
  5187 | D:8      | Found a sand-covered staircase.
  5193 | Ossuary  | Entered an ossuary
  5658 | D:8      | Reached skill level 5 in Short Blades
  5658 | D:8      | Reached skill level 5 in Axes
  5658 | D:8      | Reached skill level 5 in Maces & Flails
  5658 | D:8      | Reached skill level 5 in Staves
  5658 | D:8      | Reached skill level 5 in Slings
  5658 | D:8      | Reached skill level 5 in Bows
  5658 | D:8      | Reached skill level 5 in Crossbows
  5658 | D:8      | Reached skill level 5 in Armour
  5658 | D:8      | Reached skill level 5 in Dodging
  5658 | D:8      | Reached skill level 5 in Shields
  5658 | D:8      | Reached skill level 5 in Unarmed Combat
  5658 | D:8      | Reached skill level 5 in Spellcasting
  5851 | Lair:1   | Entered Level 1 of the Lair of Beasts
  5890 | Lair:1   | Noticed a spiny frog
  5900 | Lair:1   | Killed a spiny frog
  5992 | Lair:1   | Found a runed gate.
  5992 | Lair:1   | Found a runed gate.
  5992 | Lair:1   | Found a runed gate.
  5992 | Lair:1   | Noticed Merlin's ghost (journeyman GnWn)
  5993 | Lair:1   | Noticed Lew's ghost (journeyman GnFi)
  6129 | Lair:1   | Noticed a spiny frog
  6136 | Lair:1   | Killed a spiny frog
  6239 | Lair:1   | Reached XP level 11. HP: 27/84 MP: 19/19
  6500 | Lair:2   | Reached skill level 9 in Long Blades
  6561 | Lair:2   | Reached skill level 5 in Conjurations
  6561 | Lair:2   | Reached skill level 5 in Hexes
  6561 | Lair:2   | Reached skill level 5 in Charms
  6561 | Lair:2   | Reached skill level 5 in Summonings
  6561 | Lair:2   | Reached skill level 5 in Necromancy
  6561 | Lair:2   | Reached skill level 5 in Translocations
  6561 | Lair:2   | Reached skill level 5 in Transmutations
  6561 | Lair:2   | Reached skill level 5 in Fire Magic
  6561 | Lair:2   | Reached skill level 5 in Ice Magic
  6561 | Lair:2   | Reached skill level 5 in Air Magic
  6561 | Lair:2   | Reached skill level 5 in Earth Magic
  6561 | Lair:2   | Reached skill level 5 in Poison Magic
  6757 | Lair:2   | Noticed a catoblepas
  6777 | Lair:2   | Killed a catoblepas
  6871 | Lair:2   | Reached XP level 12. HP: 72/93 MP: 22/22
  7128 | Lair:2   | Noticed a death yak
  7143 | Lair:2   | Killed a death yak
  7443 | Lair:2   | Found a runed door.
  7494 | Lair:2   | Noticed a catoblepas
  7494 | Lair:2   | Noticed a dire elephant
  7538 | Lair:2   | Killed a catoblepas
  7603 | Lair:2   | Demolished by a dire elephant

Skill      XL: |  1  2  3  4  5  6  7  8  9 10 11 12 |
---------------+-------------------------------------+-----
Invocations    | 1 2 3 4 5 6 7 |  7.8
Short Blades   | 1 2 3 4 5 6 7 |  7.1
Axes           | 1 2 3 4 5 6 7 |  7.1
Maces & Flails | 1 2 3 4 5 6 7 |  7.1
Staves         | 1 2 3 4 5 6 7 |  7.1
Slings         | 1 2 3 4 5 6 7 |  7.1
Bows           | 1 2 3 4 5 6 7 |  7.1
Crossbows      | 1 2 3 4 5 6 7 |  7.1
Armour         | 1 2 3 4 5 6 7 |  7.1
Dodging        | 1 2 3 4 5 6 7 |  7.1
Shields        | 1 2 3 4 5 6 7 |  7.1
Unarmed Combat | 1 2 3 4 5 6 7 |  7.1
Spellcasting   | 1 2 3 4 5 6 7 |  7.1
Conjurations   | 1 2 3 4 5 |  5.9
Hexes          | 1 2 3 4 5 |  5.9
Charms         | 1 2 3 4 5 |  5.9
Summonings     | 1 2 3 4 5 |  5.9
Necromancy     | 1 2 3 4 5 |  5.9
Translocations | 1 2 3 4 5 |  5.9
Transmutations | 1 2 3 4 5 |  5.9
Fire Magic     | 1 2 3 4 5 |  5.9
Ice Magic      | 1 2 3 4 5 |  5.9
Air Magic      | 1 2 3 4 5 |  5.9
Earth Magic    | 1 2 3 4 5 |  5.9
Poison Magic   | 1 2 3 4 5 |  5.9
Polearms       | 3 4 5 6 7 |  7.6
Throwing       | 3 4 5 6 7 |  7.6
Evocations     | 3 4 5 6 7 |  7.6
Fighting       | 5 6 7 8 |  8.5
Long Blades    | 7 8 9 |  9.7
Stealth        | 5 6 7 8 |  8.3

Action                   |  1- 3 |  4- 6 |  7- 9 | 10-12 || total
-------------------------+-------+-------+-------+-------++-------
Melee: Falchion          |    79 |   163 |       |       ||   242
       Bite              |     7 |    23 |    25 |    49 ||   104
       Staff             |       |     5 |       |       ||     5
       Battleaxe         |       |       |   238 |   391 ||   629
Throw: Javelin           |       |       |     4 |     5 ||     9
Invok: Potion Petition   |       |       |     1 |       ||     1
Evoke: Wand              |       |     3 |       |    14 ||    17
       Fan of gales      |       |       |       |     1 ||     1
  Use: Potion            |     1 |     1 |     2 |    11 ||    15
       Scroll            |       |     4 |     3 |    12 ||    19
 Stab: Sleeping          |     3 |     2 |     2 |       ||     7
       Distracted        |       |     1 |       |     8 ||     9
       Petrified         |       |       |       |     6 ||     6
  Eat: Chunk             |       |     5 |     1 |       ||     6
       Ration            |       |       |     4 |     3 ||     7
Armor: Robe              |    13 |       |       |       ||    13
       Skin              |    17 |       |       |    57 ||    74
       Leather armour    |       |    26 |    13 |       ||    39
       Plate armour      |       |       |   166 |   450 ||   616
Dodge: Dodged            |    51 |    88 |   143 |   195 ||   477
Block: Buckler           |     1 |    21 |       |       ||    22
       Rpst.: Falchion   |    17 |    36 |       |       ||    53
